 Dungeon Crawl Stone Soup version 0.21.0-3-g78d12a8 (webtiles) character file.

7 uhRainy the Poker (level 2, -3/23 HPs)
             Began as a Merfolk Gladiator on Jan 12, 2018.
             Killed from afar by a dart slug (5 damage)
             ... with a slug dart
             ... on level 1 of the Dungeon.
             The game lasted 00:01:11 (97 turns).

uhRainy the Poker (Merfolk Gladiator)                 Turns: 97, Time: 00:01:11

Health: -3/23      AC:  4    Str: 14    XL:     2   Next: 0%
Magic:  2/2        EV: 14    Int:  7    God:
Gold:   13         SH:  0    Dex: 15    Spells: 1/1 levels left

rFire    . . .     SeeInvis .   a - +0 trident
rCold    . . .     Gourm    .   (no shield)
rNeg     . . .     Faith    .   b - +0 leather armour
rPois    .         Spirit   .   c - +0 helmet
rElec    .         Reflect  .   (no cloak)
rCorr    .         Harm     .   (no gloves)
MR       .....                  (no boots)
Stlth    +.........             (no amulet)
HPRegen  0.07/turn              (no ring)
MPRegen  0.08/turn              (no ring)

@: no status effects
A: change form in water, swift swim, stealthy swim
a: no special abilities


You were on level 1 of the Dungeon.
You were not hungry.

You visited 1 branch of the dungeon, and saw 1 of its levels.

You collected 13 gold pieces.

Inventory:

Hand Weapons
 a - a +0 trident (weapon)
Missiles
 d - 3 throwing nets {=f, !d}
Armour
 b - a +0 leather armour (worn)
 c - a +0 helmet (worn)
Potions
 e - 2 potions of haste {unknown}
Comestibles
 f - 2 rations


   Skills:
 + Level 2.3 Fighting
 + Level 4.6 Polearms
 + Level 2.1 Throwing
 + Level 4.1 Dodging


You had one spell level left.
You didn't know any spells.

Dungeon Overview and Level Annotations

Branches:
Dungeon (1/15)

Altars:


Message History

You now have 3 gold pieces.
You see here a dart slug corpse.
e - an amethyst potion Lua error: [string "/dgldir/rcfiles/crawl-0.21/uhRainy.rc"]:2: attempt to call global 'AnnounceDamage' (a nil value)
e - 2 amethyst potions (gained 1)
You now have 13 gold pieces (gained 10).
A kobold comes into view.
The kobold shouts!
The kobold throws a stone.
The stone closely misses you.
A bat comes into view.
Lua error: [string "/dgldir/rcfiles/crawl-0.21/uhRainy.rc"]:2: attempt to call global 'AnnounceDamage' (a nil value)
There are monsters nearby!
Lua error: [string "/dgldir/rcfiles/crawl-0.21/uhRainy.rc"]:2: attempt to call global 'AnnounceDamage' (a nil value)
There are monsters nearby!
Lua error: [string "/dgldir/rcfiles/crawl-0.21/uhRainy.rc"]:2: attempt to call global 'AnnounceDamage' (a nil value)
There are monsters nearby!
Lua error: [string "/dgldir/rcfiles/crawl-0.21/uhRainy.rc"]:2: attempt to call global 'AnnounceDamage' (a nil value)
There are monsters nearby!
Lua error: [string "/dgldir/rcfiles/crawl-0.21/uhRainy.rc"]:2: attempt to call global 'AnnounceDamage' (a nil value)
There are monsters nearby!
Lua error: [string "/dgldir/rcfiles/crawl-0.21/uhRainy.rc"]:2: attempt to call global 'AnnounceDamage' (a nil value) Attack whom?
Aim: a bat You reach to attack!
You barely miss the bat. The bat hits you.
Lua error: [string "/dgldir/rcfiles/crawl-0.21/uhRainy.rc"]:2: attempt to call global 'AnnounceDamage' (a nil value) Attack whom?
Aim: a bat You reach to attack!
You closely miss the bat. The bat barely misses you.
The bat hits you but does no damage.
A hobgoblin comes into view. It is wielding a club.
Lua error: [string "/dgldir/rcfiles/crawl-0.21/uhRainy.rc"]:2: attempt to call global 'AnnounceDamage' (a nil value)
You barely miss the bat. The bat closely misses you. x2
Lua error: [string "/dgldir/rcfiles/crawl-0.21/uhRainy.rc"]:2: attempt to call global 'AnnounceDamage' (a nil value)
Your leather armour prevents you from hitting the bat.
The bat hits you but does no damage. x2
Lua error: [string "/dgldir/rcfiles/crawl-0.21/uhRainy.rc"]:2: attempt to call global 'AnnounceDamage' (a nil value)
You closely miss the bat. The bat barely misses you. x2
Lua error: [string "/dgldir/rcfiles/crawl-0.21/uhRainy.rc"]:2: attempt to call global 'AnnounceDamage' (a nil value)
You hit the bat.
You kill the bat!
Lua error: [string "/dgldir/rcfiles/crawl-0.21/uhRainy.rc"]:2: attempt to call global 'AnnounceDamage' (a nil value)
You closely miss the kobold. The kobold misses you.
Lua error: [string "/dgldir/rcfiles/crawl-0.21/uhRainy.rc"]:2: attempt to call global 'AnnounceDamage' (a nil value)
You closely miss the kobold. The kobold barely misses you.
Lua error: [string "/dgldir/rcfiles/crawl-0.21/uhRainy.rc"]:2: attempt to call global 'AnnounceDamage' (a nil value)
You hit the kobold.
You kill the kobold!
The hobgoblin closely misses you.
Lua error: [string "/dgldir/rcfiles/crawl-0.21/uhRainy.rc"]:2: attempt to call global 'AnnounceDamage' (a nil value)
You hit the hobgoblin but do no damage. The hobgoblin hits you with a club.
Lua error: [string "/dgldir/rcfiles/crawl-0.21/uhRainy.rc"]:2: attempt to call global 'AnnounceDamage' (a nil value)
You hit the hobgoblin.
Lua error: [string "/dgldir/rcfiles/crawl-0.21/uhRainy.rc"]:2: attempt to call global 'AnnounceDamage' (a nil value)
You puncture the hobgoblin!
You kill the hobgoblin!
You have reached level 2!
Lua error: [string "/dgldir/rcfiles/crawl-0.21/uhRainy.rc"]:2: attempt to call global 'AnnounceDamage' (a nil value)
You see here a bat corpse.
f - 2 rations (gained 1) 2 jackals and a dart slug come into view.
Lua error: [string "/dgldir/rcfiles/crawl-0.21/uhRainy.rc"]:2: attempt to call global 'AnnounceDamage' (a nil value) Lua error: [string "/dgldir/rcfiles/crawl-0.21/uhRainy.rc"]:2: attempt to call global 'AnnounceDamage' (a nil value)
The jackal barks!
Lua error: [string "/dgldir/rcfiles/crawl-0.21/uhRainy.rc"]:2: attempt to call global 'AnnounceDamage' (a nil value) Lua error: [string "/dgldir/rcfiles/crawl-0.21/uhRainy.rc"]:2: attempt to call global 'AnnounceDamage' (a nil value) Lua error: [string "/dgldir/rcfiles/crawl-0.21/uhRainy.rc"]:2: attempt to call global 'AnnounceDamage' (a nil value)
The jackal bites you. The jackal barely misses you.
Lua error: [string "/dgldir/rcfiles/crawl-0.21/uhRainy.rc"]:2: attempt to call global 'AnnounceDamage' (a nil value)
The jackal bites you but does no damage.
Lua error: [string "/dgldir/rcfiles/crawl-0.21/uhRainy.rc"]:2: attempt to call global 'AnnounceDamage' (a nil value)
The jackal bites you.
The jackal bites you but does no damage.
Lua error: [string "/dgldir/rcfiles/crawl-0.21/uhRainy.rc"]:2: attempt to call global 'AnnounceDamage' (a nil value)
The dart slug launches a dart at you. The slug dart hits you!
Lua error: [string "/dgldir/rcfiles/crawl-0.21/uhRainy.rc"]:2: attempt to call global 'AnnounceDamage' (a nil value)
The jackal barely misses you. The dart slug closely misses you.
Lua error: [string "/dgldir/rcfiles/crawl-0.21/uhRainy.rc"]:2: attempt to call global 'AnnounceDamage' (a nil value)
The jackal completely misses you. The jackal closely misses you.
Lua error: [string "/dgldir/rcfiles/crawl-0.21/uhRainy.rc"]:2: attempt to call global 'AnnounceDamage' (a nil value)
The jackal closely misses you. The jackal bites you.
The dart slug launches a dart at you. The slug dart hits you!
* * * LOW HITPOINT WARNING * * *
The jackal bites you.
* * * LOW HITPOINT WARNING * * *
The jackal bites you.
* * * LOW HITPOINT WARNING * * *
The dart slug bites you but does no damage.
The jackal barely misses you. The jackal bites you.
* * * LOW HITPOINT WARNING * * *
The jackal closely misses you. The jackal barely misses you.
The jackal misses you.
The jackal bites you but does no damage.
The dart slug bites you but does no damage.
The jackal barely misses you. x3
The dart slug launches a dart at you. The slug dart hits you!
You die...

##.. ##... .... #.#
... #.# # #.. #.# .#
#.. #.# ..#
#.h#######.####..#
#.w@.....#.##....###
##h#####.#.##.#.....
#. #.......[.... ..
###.##.#..... ###
#.##.#....#
#.##.#.#.##
#.##.#.#.#
#.##.#.#.##
#.##.#.#...


You could see a dart slug and 2 jackals.

Vanquished Creatures
  A dart slug (D:1)
  A bat (D:1)
  A hobgoblin (D:1)
  A kobold (D:1)
4 creatures vanquished.

Notes
Turn   | Place    | Note
-------+----------+-------------------------------------------
     0 | D:1      | uhRainy the Merfolk Gladiator began the quest for the Orb.
     0 | D:1      | Reached XP level 1. HP: 16/16 MP: 1/1
    49 | D:1      | Reached XP level 2. HP: 15/23 MP: 2/2
    94 | D:1      | HP: 5/23 [jackal (1)]
    95 | D:1      | HP: 1/23 [jackal (3)]
    97 | D:1      | Killed from afar by a dart slug

Action                   || total
-------------------------++-------
Melee: Trident           ||    16
Armor: Leather armour    ||     9
Dodge: Dodged            ||    23

Vault maps used:
D:1:      saegor_arrival_simple_f

Table legend:
 A = Turns spent in this place as a percentage of turns spent in the entire game.
 B = Non-inter-level travel turns spent in this place as a percentage of non-inter-level travel turns spent in the entire game.
 C = Inter-level travel turns spent in this place as a percentage of turns spent in this place.
 D = Turns resting spent in this place as a percentage of non-inter-level travel turns spent in this place.
 E = Turns spent auto-exploring this place as a percentage of non-inter-level travel turns spent in this place.
 F = Non-inter-level travel turns spent in this place divided by the number of levels of this place that you've seen.
                   A       B       C       D       E      F
               +-------+-------+-------+-------+-------+----------------------
         Total | 100.0 | 100.0 |   0.0 |   0.0 |  59.8 |  97.0
       Dungeon | 100.0 | 100.0 |   0.0 |   0.0 |  59.8 |  97.0
               +-------+-------+-------+-------+-------+----------------------

Table legend:
 A = Kills in this place as a percentage of kills in entire the game.
 B = Kills by you in this place as a percentage of kills by you in the entire game.
 C = Kills by friends in this place as a percentage of kills by friends in the entire game.
 D = Other kills in this place as a percentage of other kills in the entire game.
 E = Experience gained in this place as a percentage of experience gained in the entire game.
 F = Experience gained in this place divided by the number of levels of this place that you have seen.
                   A       B       C       D       E      F
               +-------+-------+-------+-------+-------+----------------------
         Total | 100.0 | 100.0 |   N/A |   N/A | 100.0 |  10.0
       Dungeon | 100.0 | 100.0 |   N/A |   N/A | 100.0 |  10.0
               +-------+-------+-------+-------+-------+----------------------
